 Dungeon Crawl Stone Soup version 0.25-a0-766-g0ecfff5982 (webtiles) character file.

Game seed: 16819081150462783710, levelgen mode: classic

65 Amnesiac the Cutter (level 3, -5/19 HPs)
             Began as a Spriggan Berserker on Apr 13, 2020.
             Was a Believer of Trog.
             Shot with a stone by a goblin (6 damage)
             ... led by Robin
             ... on level 1 of the Dungeon.
             The game lasted 00:02:07 (710 turns).

Amnesiac the Cutter (Spriggan Berserker)             Turns: 710, Time: 00:02:07

Health: -5/19      AC:  2    Str: 14    XL:     3   Next: 94%
Magic:  4/4        EV: 19    Int:  8    God:    Trog [**....]
Gold:   29         SH:  0    Dex: 15    Spells: 2/2 levels left

rFire    . . .     SeeInvis +   f - +3 dagger
rCold    . . .     Gourm    .   (shield restricted)
rNeg     . . .     Faith    .   b - +0 animal skin
rPois    .         Spirit   .   (helmet restricted)
rElec    .         Reflect  .   (no cloak)
rCorr    .         Harm     .   (gloves unavailable)
MR       .....                  (boots unavailable)
Stlth    +.........             (no amulet)
HPRegen  0.06/turn              (no ring)
MPRegen  0.09/turn              (no ring)

@: very quick
A: very small, unfitting armour, see invisible, herbivore, speed 3, slow
metabolism 2
a: Berserk, Trog's Hand, Renounce Religion


You were on level 1 of the Dungeon.
You worshipped Trog.
Trog was pleased with you.
You were not hungry.

You visited 1 branch of the dungeon, and saw 2 of its levels.

You collected 29 gold pieces.

Inventory:

Hand Weapons
 a - a +0 short sword
 f - a +3 dagger (weapon)
Armour
 b - a +0 animal skin (worn)
Jewellery
 j - an uncursed ring of protection from cold
Scrolls
 d - a scroll of blinking {!r, unknown}
 g - a scroll of identify {!r, unknown}
 h - a scroll of immolation {!r, unknown}
 i - a scroll of fog {!r, unknown}
 k - a scroll of noise {!r, unknown}
Potions
 e - a potion of haste {!q, unknown}
 l - a potion of heal wounds {!q, unknown}
Comestibles
 c - a ration


   Skills:
 - Level 2.4 Fighting
 + Level 5.4 Short Blades
 - Level 4.4 Dodging


You had 2 spell levels left.
You didn't know any spells.
Your spell library was empty.

Dungeon Overview and Level Annotations

Branches:
Dungeon (2/15)

Altars:

Annotations:
D:2 Robin


Innate Abilities, Weirdness & Mutations

You are very small and have problems with some larger weapons.
You are too small for most types of armour.
You have supernaturally acute eyesight. (SInv)
You are a herbivore.
You cover ground extremely quickly.
You need to consume almost no food.


Message History

You hit the goblin.
You kill the goblin!
Trog accepts your kill.
You closely miss the quokka. The quokka completely misses you.
The goblin barely misses you. x2
You barely miss the quokka. The quokka closely misses you.
Robin throws the goblin at you! The goblin hits you but does no damage.
The bat hits you but does no damage. The goblin misses you.
The quokka closely misses you.
The goblin unwields a +0 hunting sling.
The goblin wields a +0 club.
The goblin hits you with a +0 club.
* * * LOW HITPOINT WARNING * * *
The bat barely misses you.
Robin roars a battlecry!
The goblins go into a battle-frenzy!
You climb upwards.
There is a stone staircase leading down here.
The goblin unwields a +0 club.
The goblin wields a +0 hunting sling.
The goblin shoots a stone.
The stone closely misses you.
You see here a stone.
The goblin shoots a stone.
The stone closely misses you.
The goblin shoots a stone.
The stone barely misses you.
The goblin shoots a stone.
The stone completely misses you.
The goblin unwields a +0 club.
The goblin wields a +0 hunting sling.
The goblin shoots a stone.
The stone barely misses you.
The goblin shoots a stone.
The stone hits you.
* * * LOW HITPOINT WARNING * * *
You see here a stone.
The goblin shoots a stone.
The stone hits you but does no damage.
You see here a stone.
The goblin shoots a stone.
The stone misses you.
The goblin no longer looks unusually strong.
You miss the quokka. The quokka bites you.
* * * LOW HITPOINT WARNING * * *
The goblin no longer looks unusually strong.
The goblin misses you. The quokka misses you.
There is a large open door here.
You hit the quokka.
The quokka is severely wounded.
The quokka barely misses you.
The goblin no longer looks unusually strong.
You hit the quokka.
You kill the quokka!
Trog accepts your kill.
You hit the goblin.
The goblin is moderately wounded.
The goblin misses you.
You hit the goblin.
The goblin is almost dead.
The goblin shoots a stone.
The stone completely misses you.
You hear a splash.
You completely miss the goblin.
The goblin is almost dead.
The goblin hits you with a cursed -2 club.
* * * LOW HITPOINT WARNING * * *
You hit the goblin.
You kill the goblin!
Trog accepts your kill.
You barely miss the goblin.
The goblin is almost dead.
You hit the goblin.
You kill the goblin!
Trog accepts your kill.
The goblin shoots a stone.
The stone hits you.
You die...

.....####(#.(........#
.....# #...#######.##
.....####.### ####.######
.......#†.## #.........#
...........# #.........#
...........# #.........#
..........##########.....#
........(8.≈≈≈≈≈≈(≈##....#
........#.≈≈≈...@.≈≈#....#
........#.≈≈..≈≈≈).≈#....#
........#.≈..≈≈≈≈≈..#....#
........'.≈.≈≈...≈≈g##...#
........'.≈..≈<≈..≈.'....##
........#.≈≈...≈≈.≈.'.....##
........#..≈≈≈≈≈..≈.#......#
........#≈..≈≈≈..≈≈.#......#
........#≈≈.....≈≈≈.#......#


You could see a goblin.

Vanquished Creatures
  2 adders (D:1)
  An ooze (D:1)
  3 dart slugs (D:1)
  A leopard gecko (D:1)
  A giant cockroach (D:1)
  11 goblins
  5 hobgoblins (D:1)
  3 kobolds (D:1)
  A quokka (D:1)
  5 bats (D:1)
  2 rats (D:1)
35 creatures vanquished.

Vanquished Creatures (others)
  A giant cockroach (D:1)
1 creature vanquished.

Grand Total: 36 creatures vanquished

Notes
Turn   | Place    | Note
-------+----------+-------------------------------------------
     0 | D:1      | Amnesiac the Spriggan Berserker began the quest for the
                  | Orb.
     0 | D:1      | Reached XP level 1. HP: 11/11 MP: 2/2
    44 | D:1      | Reached XP level 2. HP: 14/16 MP: 3/3
    47 | D:1      | Reached skill level 4 in Short Blades
   164 | D:1      | Reached XP level 3. HP: 8/19 MP: 4/4
   440 | D:2      | Noticed Robin
   547 | D:1      | Reached ** piety under Trog
   547 | D:1      | Reached skill level 5 in Short Blades
   710 | D:1      | Shot with a stone by a goblin

Levels and vault maps discovered:
D:1:      psy_arrival_whirlpool, layout_rooms, serial_bayou_pond_b,
          chequers_serial_rivers_room_b
D:2:      layout_rooms, uniq_terence, uniq_robin

Skill      XL: |  1  2  3 |
---------------+----------+-----
Short Blades   | 4 5 |  5.4
Fighting       | |  2.4
Dodging        | |  4.4

Action                   || total
-------------------------++-------
Melee: Short sword       ||    11
       Dagger            ||    85
Armor: Animal skin       ||     4
Dodge: Dodged            ||    94

Table legend:
 A = Non-vault XP
 B = Vault XP
 C = Vault XP percentage of total XP
 D = Non-vault monster count
 E = Vault monster count
 F = Vault count percentage of total count
                 A         B        C        D         E       F
            +---------+---------+-------+---------+---------+-------
      Total |      79 |      15 |  16.0 |      26 |       9 |  25.7
            +---------+---------+-------+---------+---------+-------
        D:1 |      77 |      11 |  12.5 |      25 |       7 |  21.9
        D:2 |       2 |       4 |  66.7 |       1 |       2 |  66.7
            +---------+---------+-------+---------+---------+-------
